Dernière mise à jour: 2026-03-06 09:45:06
% Time on Ice - BOISE CARIBOUS
Lines # - Real PCT - Wanted PCT - Time Play
Normal Forward
1 - 35% - 35% - 18:17
2 - 31% - 33% - 15:58
3 - 25% - 25% - 13:08
4 - 9% - 7% - 4:41
Normal Defense
1 - 34% - 37% - 17:51
2 - 35% - 37% - 18:22
3 - 29% - 25% - 15:14
4 - 1% - 1% - 0:37
PP Forward
1 - 61% - 60% - 1:13
2 - 39% - 40% - 0:46
PP Defense
1 - 64% - 55% - 1:16
2 - 36% - 45% - 0:43
PK Forward
1 - 38% - 50% - 2:17
2 - 62% - 50% - 3:40
PK Defense
1 - 62% - 55% - 3:40
2 - 38% - 45% - 2:17
PK3 Forward
1 - 0% - 55%
2 - 0% - 45%
PK3 Defense
1 - 0% - 55%
2 - 0% - 45%
44 Forward
1 - 0% - 55%
2 - 0% - 45%
44 Defense
1 - 0% - 55%
2 - 0% - 45%
Last Minute Offensive  - 0:00
Last Minute Defensive  - 0:00
Total
Forward - 60:00
Defense - 60:00
% Time on Ice - SAN JOSE BRONCOS
Lines # - Real PCT - Wanted PCT - Time Play
Normal Forward
1 - 32% - 36% - 16:27
2 - 27% - 31% - 13:49
3 - 25% - 23% - 13:05
4 - 17% - 10% - 8:43
Normal Defense
1 - 33% - 36% - 17:21
2 - 33% - 31% - 17:13
3 - 28% - 23% - 14:28
4 - 6% - 10% - 3:02
PP Forward
1 - 51% - 55% - 3:03
2 - 49% - 45% - 2:54
PP Defense
1 - 57% - 55% - 3:25
2 - 43% - 45% - 2:32
PK Forward
1 - 69% - 55% - 1:22
2 - 31% - 45% - 0:37
PK Defense
1 - 53% - 55% - 1:03
2 - 47% - 45% - 0:56
PK3 Forward
1 - 0% - 55%
2 - 0% - 45%
PK3 Defense
1 - 0% - 55%
2 - 0% - 45%
44 Forward
1 - 0% - 55%
2 - 0% - 45%
44 Defense
1 - 0% - 55%
2 - 0% - 45%
Last Minute Offensive  - 0:00
Last Minute Defensive  - 0:00
Total
Forward - 60:00
Defense - 60:00
Play-by-Play 1st period 0:01 of 1st period - Claude Giroux wins face-off versus Brayden Point in neutral zone. 0:07 of 1st period - Icing by Thomas Harley. 0:08 of 1st period - Brayden Point wins face-off versus Jean-Gabriel Pageau in SAN JOSE BRONCOS zone. 0:08 of 1st period - Brayden Point is hit by Artturi Lehkonen. 0:14 of 1st period - Moritz Seider is hit by Clayton Keller and loses puck. 0:27 of 1st period - Jean-Gabriel Pageau is hit by Jesper Bratt and loses puck. 2:02 of 1st period - Shot by Kirill Marchenko. 2:02 of 1st period - Shot Blocked by Timothy Liljegren. 2:19 of 1st period - Rasmus Dahlin is hit by Troy Stecher and loses puck. 3:55 of 1st period - Jackson LaCombe is hit by Mattias Janmark-Nylen and loses puck. 4:20 of 1st period - Kirill Marchenko is hit by Brayden Pachal and loses puck. 5:59 of 1st period - Shot by Jesper Bratt. 5:59 of 1st period - Shot Misses the Net. 6:05 of 1st period - Shot by Brayden Point. 6:05 of 1st period - Shot Blocked by Rasmus Dahlin. 6:45 of 1st period - Shot by Kirill Marchenko. 6:45 of 1st period - Shot Blocked by Clayton Keller. 6:47 of 1st period - Shot by Claude Giroux. 6:47 of 1st period - Stopped by Frederik Andersen without a rebound. 6:48 of 1st period - Roope Hintz wins face-off versus Bobby Brink in SAN JOSE BRONCOS zone. 6:59 of 1st period - Shot by Cole Caufield. 6:59 of 1st period - Deflect By Roope Hintz. 6:59 of 1st period - Stopped by Ilya Sorokin without a rebound. 7:00 of 1st period - Kevin Stenlund wins face-off versus Claude Giroux in BOISE CARIBOUS zone. 7:03 of 1st period - Shot by Paul Cotter. 7:03 of 1st period - Shot Misses the Net. 7:08 of 1st period - Kirill Marchenko is hit by K'Andre Miller and loses puck. 7:28 of 1st period - Icing by K'Andre Miller. 7:29 of 1st period - Kevin Stenlund wins face-off versus Nicolas Roy in SAN JOSE BRONCOS zone. 7:39 of 1st period - Off-side. 7:40 of 1st period - Jean-Gabriel Pageau wins face-off versus Roope Hintz in neutral zone. 8:29 of 1st period - Off-side. 8:30 of 1st period - Claude Giroux wins face-off versus Brayden Point in neutral zone. 8:30 of 1st period - Claude Giroux is hit by Brayden Point. 8:54 of 1st period - Shot by Jesper Bratt. 8:54 of 1st period - Stopped by Ilya Sorokin without a rebound. 8:55 of 1st period - Nicolas Roy wins face-off versus Kevin Stenlund in BOISE CARIBOUS zone. 10:47 of 1st period - Mario Ferraro is hit by Paul Cotter and loses puck. 10:58 of 1st period - Shot by Jean-Gabriel Pageau. 10:58 of 1st period - Shot Misses the Net. 11:34 of 1st period - Kevin Stenlund is hit by Michael McCarron and loses puck. 12:44 of 1st period - Shot by Mason Marchment. 12:44 of 1st period - Stopped by Frederik Andersen with a rebound. 12:50 of 1st period - Shot by Nicolas Roy. 12:50 of 1st period - Shot Misses the Net. 13:13 of 1st period - Icing by Timothy Liljegren. 13:14 of 1st period - Kevin Stenlund wins face-off versus Claude Giroux in SAN JOSE BRONCOS zone. 13:54 of 1st period - Kirill Marchenko is hit by Jaccob Slavin and loses puck. 14:28 of 1st period - Icing by Clayton Keller. 14:29 of 1st period - Brayden Point wins face-off versus Nicolas Roy in SAN JOSE BRONCOS zone. 14:29 of 1st period - Brayden Point is hit by Mason Marchment. 14:51 of 1st period - Cole Caufield is hit by Rasmus Dahlin and loses puck. 16:05 of 1st period - Shot by Jean-Gabriel Pageau. 16:05 of 1st period - Stopped by Frederik Andersen with a rebound. 16:23 of 1st period - Shot by Kirill Marchenko. 16:23 of 1st period - Shot Blocked by Brayden Pachal. 16:37 of 1st period - Shot by Claude Giroux. 16:37 of 1st period - Stopped by Frederik Andersen without a rebound. 16:38 of 1st period - Michael McCarron wins face-off versus Brayden Point in SAN JOSE BRONCOS zone. 16:53 of 1st period - Shot by Jackson LaCombe. 16:53 of 1st period - Stopped by Frederik Andersen without a rebound. 16:54 of 1st period - Oliver Kapanen wins face-off versus Claude Giroux in SAN JOSE BRONCOS zone. 16:54 of 1st period - Oliver Kapanen is hit by Claude Giroux. 18:18 of 1st period - Shot by Artturi Lehkonen. 18:18 of 1st period - Shot Misses the Net. 18:25 of 1st period - Off-side. 18:26 of 1st period - Brayden Point wins face-off versus Nicolas Roy in neutral zone. 18:32 of 1st period - Jesper Bratt is hit by Moritz Seider and loses puck. 18:40 of 1st period - Minor Penalty to Marcus Pettersson for High sticking. 18:41 of 1st period - Brayden Point wins face-off versus Jean-Gabriel Pageau in BOISE CARIBOUS zone. 19:09 of 1st period - Shot by Brayden Point. 19:09 of 1st period - Stopped by Ilya Sorokin without a rebound. 19:10 of 1st period - Michael McCarron wins face-off versus Roope Hintz in BOISE CARIBOUS zone. 19:10 of 1st period - Michael McCarron is hit by Cole Caufield. 19:36 of 1st period - Off-side. 19:37 of 1st period - Brayden Point wins face-off versus Jean-Gabriel Pageau in neutral zone. 19:59 of 1st period - Shot by Jesper Bratt. 19:59 of 1st period - Stopped by Ilya Sorokin without a rebound. Goals for this period are 0 for BOISE CARIBOUS vs 0 for SAN JOSE BRONCOS. Shots for this period are 5 for BOISE CARIBOUS vs 4 for SAN JOSE BRONCOS. 2nd period 0:01 of 2nd period - Brayden Point wins face-off versus Michael McCarron in neutral zone. 0:07 of 2nd period - Off-side. 0:08 of 2nd period - Brayden Point wins face-off versus Michael McCarron in neutral zone. 0:21 of 2nd period - Shot by Brayden Point. 0:21 of 2nd period - Stopped by Ilya Sorokin without a rebound. 0:22 of 2nd period - Jean-Gabriel Pageau wins face-off versus Roope Hintz in BOISE CARIBOUS zone. 1:17 of 2nd period - Minor Penalty to Thomas Harley for Goalie Interference. 1:18 of 2nd period - Jean-Gabriel Pageau wins face-off versus Brayden Point in SAN JOSE BRONCOS zone. 1:31 of 2nd period - Shot by Jean-Gabriel Pageau. 1:31 of 2nd period - Stopped by Frederik Andersen without a rebound. 1:32 of 2nd period - Roope Hintz wins face-off versus Jean-Gabriel Pageau in SAN JOSE BRONCOS zone. 1:45 of 2nd period - Shot by Dawson Mercer. 1:45 of 2nd period - Shot Blocked by Jesper Bratt. 1:47 of 2nd period - Shot by Jean-Gabriel Pageau. 1:47 of 2nd period - Stopped by Frederik Andersen without a rebound. 1:48 of 2nd period - Roope Hintz wins face-off versus Tim Stutzle in SAN JOSE BRONCOS zone. 2:00 of 2nd period - Shot by Kirill Marchenko. 2:00 of 2nd period - Stopped by Frederik Andersen without a rebound. 2:01 of 2nd period - Claude Giroux wins face-off versus Brayden Point in SAN JOSE BRONCOS zone. 2:30 of 2nd period - Shot by Tim Stutzle. 2:30 of 2nd period - Stopped by Frederik Andersen without a rebound. 2:31 of 2nd period - Brayden Point wins face-off versus Jean-Gabriel Pageau in SAN JOSE BRONCOS zone. 2:46 of 2nd period - Shot by Jean-Gabriel Pageau. 2:46 of 2nd period - Stopped by Frederik Andersen without a rebound. 2:47 of 2nd period - Brayden Point wins face-off versus Claude Giroux in SAN JOSE BRONCOS zone. 2:57 of 2nd period - Off-side. 2:58 of 2nd period - Claude Giroux wins face-off versus Brayden Point in neutral zone. 3:25 of 2nd period - Shot by Marcus Pettersson. 3:25 of 2nd period - Shot Blocked by Jaccob Slavin. 3:27 of 2nd period - Shot by Marcus Pettersson. 3:27 of 2nd period - Shot Blocked by Thomas Harley. 3:32 of 2nd period - Mason Marchment is hit by Jaccob Slavin and loses puck. 4:37 of 2nd period - Shot by Dawson Mercer. 4:37 of 2nd period - Stopped by Frederik Andersen without a rebound. 4:38 of 2nd period - Brayden Point wins face-off versus Claude Giroux in SAN JOSE BRONCOS zone. 5:14 of 2nd period - Off-side. 5:15 of 2nd period - Oliver Kapanen wins face-off versus Dawson Mercer in neutral zone. 5:21 of 2nd period - Oliver Kapanen is hit by Jean-Gabriel Pageau and loses puck. 7:41 of 2nd period - Shot by Kaapo Kakko. 7:41 of 2nd period - Stopped by Frederik Andersen without a rebound. 7:42 of 2nd period - Jean-Gabriel Pageau wins face-off versus Kevin Stenlund in SAN JOSE BRONCOS zone. 8:14 of 2nd period - Icing by Thomas Harley. 8:15 of 2nd period - Claude Giroux wins face-off versus Kevin Stenlund in SAN JOSE BRONCOS zone. 8:15 of 2nd period - Tim Stutzle is hit by Thomas Harley and loses puck. 8:36 of 2nd period - Clayton Keller is hit by Claude Giroux and loses puck. 8:57 of 2nd period - Shot by Kirill Marchenko. 8:57 of 2nd period - Shot Blocked by Jesper Bratt. 8:59 of 2nd period - Shot by Moritz Seider. 8:59 of 2nd period - Deflect By Tim Stutzle. 8:59 of 2nd period - Shot Blocked by Timothy Liljegren. 9:03 of 2nd period - Shot by Tim Stutzle. 9:03 of 2nd period - Deflect By Claude Giroux. 9:03 of 2nd period - Shot Misses the Net. 9:27 of 2nd period - Troy Stecher is hit by Dawson Mercer and loses puck. 9:29 of 2nd period - Minor Penalty to Jean-Gabriel Pageau for Hooking. 9:30 of 2nd period - Roope Hintz wins face-off versus Kirby Dach in BOISE CARIBOUS zone. 9:47 of 2nd period - Shot by Thomas Harley. 9:47 of 2nd period - Stopped by Ilya Sorokin without a rebound. 9:48 of 2nd period - Roope Hintz wins face-off versus Michael McCarron in BOISE CARIBOUS zone. 9:53 of 2nd period - Shot by Roope Hintz. 9:53 of 2nd period - Shot Misses the Net. 9:55 of 2nd period - Shot by Timothy Liljegren. 9:55 of 2nd period - Stopped by Ilya Sorokin with a rebound. 9:57 of 2nd period - Shot by K'Andre Miller. 9:57 of 2nd period - Stopped by Ilya Sorokin without a rebound. 9:58 of 2nd period - Dawson Mercer wins face-off versus Brayden Point in BOISE CARIBOUS zone. 10:07 of 2nd period - Shot by Jesper Bratt. 10:07 of 2nd period - Shot Misses the Net. 11:14 of 2nd period - Shot by K'Andre Miller. 11:14 of 2nd period - Shot Misses the Net. 11:16 of 2nd period - Shot by Roope Hintz. 11:16 of 2nd period - Shot Misses the Net. 11:18 of 2nd period - Shot by Oliver Bjorkstrand. 11:18 of 2nd period - Stopped by Ilya Sorokin with a rebound